 Dungeon Crawl Stone Soup version 0.31-a0-931-g7b59d4eb97 (webtiles) character file.

Game seed: 11702646577734303776

290 MachoJfn the Magician (level 6, -3/40 HPs)
             Began as a Djinni Fire Elementalist on Oct 19, 2023.
             Slain by a polar bear (19 damage)
             ... created by the rage of Trog
             ... on level 3 of the Dungeon.
             The game lasted 00:07:54 (3583 turns).

MachoJfn the Magician (Djinni Fire Elementalist)    Turns: 3583, Time: 00:07:54

Health: -3/40      AC:  4    Str:  7    XL:     6   Next: 58%
Gold:   157        EV: 13    Int: 18    God:
                   SH:  5    Dex: 14

rFire   + + .        w - +2 trident (venom)
rCold   x . .        (no shield)
rNeg    . . .        a - +0 robe
rPois   ∞            (no helmet)
rElec   .            c - +0 cloak
rCorr   .            f - +0 pair of gloves
SInv    .            (boots unavailable)
Will    .....        e - amulet of reflection
Stlth   ++           (no ring)
HPRegen 0.26/turn    (no ring)
MPRegen 0.00/turn

%: reflection, infuse magic (-4 HP)
@: flying
A: sickness immunity, fire resistance 2, cold vulnerability 1, float, innate
caster, HP casting, extra vitality 1
a: no special abilities


You were on level 3 of the Dungeon.
You visited 1 branch of the dungeon, and saw 3 of its levels.
You also visited: Sewer.

You collected 157 gold pieces.

Inventory:

Hand Weapons
 w - a +2 trident of venom (weapon)
Missiles
 d - 32 stones
Armour
 a - a +0 robe (worn)
 c - a +0 cloak (worn)
 f - a +0 pair of gloves (worn)
 m - a scarf of invisibility
Jewellery
 e - an amulet of reflection (around neck)
Scrolls
 b - 2 scrolls of teleportation {unknown}
 h - 2 scrolls of identify
 q - a scroll of immolation {unknown}
 r - 2 scrolls of noise {unknown}
 t - 2 scrolls of enchant weapon {unknown}
 u - a scroll of enchant armour {unknown}
Potions
 g - a potion of ambrosia {unknown}
 i - a potion of curing {unknown}
 j - 2 potions of degeneration {unknown}
 k - a potion of cancellation {unknown}
 l - 2 potions of might
 n - a potion of lignification {unknown}
 o - a potion of magic {unknown}
 p - a potion of berserk rage {unknown}
 s - a potion of brilliance {unknown}


   Skills:
 - Level 0.1 Fighting
 + Level 3.4 Dodging
 - Level 2.7 Stealth
 - Level 0.5 Shields
 + Level 4.7 Spellcasting
 + Level 4.7 Conjurations
 + Level 4.7 Hexes
 + Level 4.7 Summonings
 + Level 4.7 Necromancy
 + Level 4.7 Translocations
 + Level 4.7 Transmutations
 + Level 4.7 Fire Magic
 + Level 4.7 Ice Magic
 + Level 4.7 Air Magic
 + Level 4.7 Earth Magic
 + Level 4.7 Poison Magic


You knew the following spells:

 Your Spells              Type           Power      Damage    Failure   Level
a - Foxfire               Conj/Fire      84%        2x1d8     1%          1
b - Scorch                Fire           42%        2d6       3%          2
c - Volatile Blastmotes   Fire/Tloc      42%        2d13      6%          3
d - Inner Flame           Hex/Fire       21%        N/A       6%          3
e - Flame Wave            Conj/Fire      21%        2d8       21%         4
f - Freeze                Ice            84%        1d9       1%          1
g - Momentum Strike       Conj/Tloc      42%        3d9       3%          2
Your spell library was empty.

Dungeon Overview and Level Annotations

Branches:
Dungeon (3/15)              Sewer (visited)

Altars:
Trog

Shops:
D:1 !


Innate Abilities, Weirdness & Mutations

You are immune to sickness and miasma.
You are immune to poison.
Your flesh is very heat resistant. (rF++)
You are vulnerable to cold. (rC-)
You float through the air rather than walking.
You learn spells naturally, not from books.
Your magical power is your life essence.
You have superior vitality. (+4 MHP)


Message History

There are no items here.
Things that are here:
a +2 whip of pain; a +2 trident of venom; a +0 ring mail
w - a +2 trident of venom You drop a +0 scale mail.
Your +2 trident of venom begins to drip with poison!
w - a +2 trident of venom (weapon)
HP restored.
Things that are here:
a +0 club; an orc corpse
Things that are here:
a +0 whip; a boomerang You see here a +0 morningstar.
There is an escape hatch in the ceiling here.
Found a stone staircase leading up.
There is a stone staircase leading up here.
A rat comes into view.
Casting: Scorch (safe; 3% risk of failure)
Confirm with . or Enter, or press ? or * to list all spells.
You conjure some foxfire!
The foxfire hits the rat!
You kill the rat!
Your foxfire dissipates!
You see here a rat corpse.
Trog sends monsters to punish you. 2 polar bears and a black bear come into view.
As you read the scroll labelled QUFOLA PIGO, it crumbles to dust.
It is a scroll of identify.
l - 2 potions of might The polar bear attacks as it pursues you!
The polar bear barely misses you. The polar bear claws you. x2
Casting: Foxfire (safe; 1% risk of failure)
Confirm with . or Enter, or press ? or * to list all spells.
A cloud of volatile blastmotes flares up around you!
The polar bear completely misses you.
The polar bear claws you but does no damage.
You block the polar bear's attack. The polar bear bites you!
The polar bear completely misses you. The polar bear misses you.
The polar bear bites you!!
You die...

###### .....# ####.#
#.########### #.#†........#
#.#.#######.########## #.#.#
#.h@.......# #<#.#
#hh#######.# #.#.# #..# #.#
#.#.# ########################
#.#.###.♣.♣.♣.8.♣.8.♣.♣.8.♣.♣.
#.#.##........................
#.#.##..♣.♣[♣.♣.♣.8.♣.8.♣.♣.8.
#.#.##.#######################
#.#.##...###.##..###.# #


You could see 2 polar bears and a black bear (berserk).

Vanquished Creatures
  Pargi (Sewer)
  3 gnolls (D:2)
  8 adders
  2 worms
  3 dart slugs
  7 orcs
  7 bats
  5 giant cockroaches
  6 goblins
  4 hobgoblins
  3 quokkas
  7 ball pythons
  3 frilled lizards
  13 kobolds
  9 rats
81 creatures vanquished.

Vanquished Creatures (others)
  139 foxfires
139 creatures vanquished.

Grand Total: 220 creatures vanquished

Notes
Turn   | Place    | Note
-------+----------+-------------------------------------------
     0 | D:1      | MachoJfn the Djinni Fire Elementalist began the quest for
                  | the Orb.
     0 | D:1      | MachoJfn set off with the following spells memorised:
                  | Foxfire, Scorch, Volatile Blastmotes, Inner Flame, Flame
                  | Wave.
     0 | D:1      | Reached XP level 1. HP: 15/15 MP: 0/0
   130 | D:1      | Reached XP level 2. HP: 16/21 MP: 0/0
   467 | D:1      | Reached XP level 3. HP: 24/25 MP: 0/0
   467 | D:1      | Learned a level 1 spell: Freeze
   646 | D:1      | Found Foxtyq's Distillery.
  1359 | D:2      | Reached XP level 4. HP: 8/31 MP: 0/0
  2075 | D:2      | Reached XP level 5. HP: 8/35 MP: 0/0
  2075 | D:2      | Learned a level 2 spell: Momentum Strike
  2786 | D:3      | Found a glowing drain.
  2793 | Sewer    | Entered a sewer
  2872 | Sewer    | Noticed Pargi
  2877 | Sewer    | Killed Pargi
  2878 | Sewer    | Reached XP level 6. HP: 21/40 MP: 0/0
  3103 | D:3      | Found a faded altar of an unknown god.
  3114 | D:3      | Prayed at the altar of an unknown god.
  3114 | D:3      | Became a worshipper of Trog the Wrathful
  3114 | D:3      | Reached * piety under Trog
  3117 | D:3      | Fell from the grace of Trog
  3581 | D:3      | Noticed a polar bear
  3581 | D:3      | Noticed a polar bear
  3581 | D:3      | Noticed a black bear
  3583 | D:3      | Slain by a polar bear

Illustrated notes

Levels and vault maps discovered:
D:1:      wheals_arrival_shading, layout_basic, serial_shops,
          nicolae_shop_real_fake_doors
D:2:      minmay_inner_zag, layout_basic, chequers_serial_rivers_small_a
D:3:      layout_loops_ring, lightli_sewer_entry_pipes,
          ebering_ecumenical_altar_sacrificial, chequers_avenue,
          grunt_decor_cap, nicolae_hexahallways

Skill      XL: |  1  2  3  4  5 |
---------------+----------------+-----
Spellcasting   | 4 |  4.7
Conjurations   | 4 |  4.7
Hexes          | 4 |  4.7
Summonings     | 4 |  4.7
Necromancy     | 4 |  4.7
Translocations | 4 |  4.7
Transmutations | 4 |  4.7
Fire Magic     | 4 |  4.7
Ice Magic      | 4 |  4.7
Air Magic      | 4 |  4.7
Earth Magic    | 4 |  4.7
Poison Magic   | 4 |  4.7
Stealth        | 2 |  2.7
Dodging        | 3 |  3.4
Fighting       | |  0.1
Shields        | |  0.5

Action                     |  1- 3 |  4- 6 || total
---------------------------+-------+-------++-------
   Cast: Foxfire           |    45 |    48 ||    93
         Scorch            |    14 |    35 ||    49
         Volatile Blastmot |       |     5 ||     5
 Invoke: Renounce Religion |       |     1 ||     1
    Use: Scroll            |       |     1 ||     1
 Armour: Robe              |     9 |    21 ||    30
  Dodge: Dodged            |    17 |    18 ||    35
  Block: Other             |     5 |     8 ||    13

Table legend: (Time is in decaauts)
 A = Elapsed time spent in this place.
 B = Non-inter-level travel time spent in this place.
 C = Inter-level travel time spent in this place.
 D = Time resting spent in this place.
 E = Time spent auto-exploring this place.
 F = Levels seen in this place.
 G = Mean time per level.
                   A        B        C        D        E       F      G
               +--------+--------+--------+--------+--------+-----+--------+
         Total |   3581 |   3464 |    117 |    447 |   2471 |   4 |  895.2 |
       Dungeon |   3355 |   3238 |    117 |    366 |   2367 |   3 | 1118.3 |
         Sewer |    225 |    225 |      0 |     81 |    104 |   1 |  225.0 |
               +--------+--------+--------+--------+--------+-----+--------+

Top non-repeatable levels by time:
     D:2: 1199 daAuts
     D:1: 1138 daAuts
     D:3: 1018 daAuts
   Sewer: 225 daAuts
